 Dungeon Crawl Stone Soup version 0.30.1-1-g62c8e00024 (webtiles) character file.

Game seed: 14999738451465341522

816 safid the Chiller (level 7, -2/55 HPs)
             Began as a Merfolk Ice Elementalist on July 17, 2023.
             Was a Believer of Vehumet.
             Slain by an orc priest
             ... wielding a +0 war axe
              (8 damage)
             ... on level 4 of the Dungeon.
             The game lasted 00:11:32 (5322 turns).

safid the Chiller (Merfolk Ice Elementalist)        Turns: 5322, Time: 00:11:33

Health: -2/55      AC:  2    Str:  8    XL:     7   Next: 94%
Magic:  6/13       EV: 14    Int: 16    God:    Vehumet [**....]
Gold:   197        SH:  0    Dex: 15    Spells: 7/14 levels left

rFire   . . .        g - +2 halberd (pain)
rCold   + . .        (shield currently unavailable)
rNeg    . . .        a - +0 robe
rPois   .            (no helmet)
rElec   .            (no cloak)
rCorr   .            (no gloves)
SInv    .            (no boots)
Will    +....        o - amulet of magic regeneration
Stlth   ++           s - ring of protection from cold
HPRegen 0.29/turn    f - ring of willpower
MPRegen 0.53/turn

%: no passive effects
@: freezing walls
A: (nimble swimmer 2), mertail
a: Renounce Religion


You were on level 4 of the Dungeon.
You worshipped Vehumet.
Vehumet was pleased with you.
You visited 1 branch of the dungeon, and saw 5 of its levels.

You collected 197 gold pieces.

Inventory:

Hand Weapons
 g - a +2 halberd of pain (weapon)
Missiles
 A - a throwing net
Armour
 a - a +0 robe (worn)
Magical Staves
 z - a staff of cold
Jewellery
 f - a ring of willpower (right hand)
 o - an amulet of magic regeneration (around neck)
 s - a ring of protection from cold (left hand)
Wands
 x - a wand of polymorph (9)
Scrolls
 d - a scroll of immolation {unknown}
 e - a scroll of magic mapping {unknown}
 i - 5 scrolls of identify {unknown}
 j - a scroll of fear {unknown}
 m - 2 scrolls of poison {unknown}
 p - a scroll of noise {unknown}
 r - 2 scrolls of silence {unknown}
 t - a scroll of enchant armour {unknown}
 u - a scroll of brand weapon {unknown}
 v - 2 scrolls of teleportation {unknown}
 w - a scroll of amnesia {unknown}
 y - a scroll of blinking {unknown}
Potions
 b - 2 potions of magic
 c - a potion of lignification {unknown}
 h - a potion of haste {unknown}
 k - a potion of attraction {unknown}
 l - a potion of resistance {unknown}
 n - a potion of flight {unknown}
 q - a potion of brilliance {unknown}


   Skills:
 + Level 4.5 Fighting
 * Level 5.9 Dodging
 - Level 2.1 Stealth
 + Level 4.3 Spellcasting
 + Level 6.5 Ice Magic


You had 7 spell levels left.
You knew the following spells:

 Your Spells              Type           Power      Damage    Failure   Level
a - Freeze                Ice            96%        1d10      1%          1
b - Frozen Ramparts       Ice            48%        1d8       3%          3
c - Ozocubu's Armour      Ice            24%        N/A       3%          3

Your spell library contained the following spells:

 Spells                   Type           Power      Damage    Failure   Level
 Foxfire                  Conj/Fire      12%        2x1d4     16%         1
 Ensorcelled Hibernation  Hex/Ice        26%        N/A       6%          2
 Passwall                 Tmut/Erth      2%         N/A       24%         2
 Summon Ice Beast         Ice/Summ       13%        N/A       38%         4
 Swiftness                Air            3%         N/A       43%         3


Dungeon Overview and Level Annotations

Branches:
Dungeon (5/15)
 Temple: D:4-7

Altars:
Cheibriados
Okawaru
Qazlal
Trog
Vehumet
Zin

Shops:
D:3 :   D:4 (

Annotations:
D:4 exclusions: ogre and orc warrior


Innate Abilities, Weirdness & Mutations

((You are very nimble when in or above water. (Stealth+, EV+, Speed+++)))
Your lower body shifts to a powerful aquatic tail in water.


Message History

Aiming: Freeze (safe; 1% risk of failure)
Press: ? - help, Shift-Dir - straight line, f/p - orc warrior
Aim: an orc warrior, wielding a +0 scimitar and wearing a +0 plate armour (severely wounded)
You freeze the orc warrior.
The orc warrior is severely wounded.
The orc priest calls upon Beogh to heal the orc warrior.
The orc warrior is healed somewhat.
The wall freezes the orc warrior.
The orc warrior hits you with a +0 scimitar!
* * * LOW HITPOINT WARNING * * *
Casting: Freeze (safe; 1% risk of failure)
Confirm with . or Enter, or press ? or * to list all spells.
Aiming: Freeze (safe; 1% risk of failure)
Press: ? - help, Shift-Dir - straight line, f/p - orc warrior
Aim: an orc warrior, wielding a +0 scimitar and wearing a +0 plate armour (severely wounded)
You freeze the orc warrior!
The orc warrior is almost dead.
The wall freezes the orc warrior.
You kill the orc warrior!
Vehumet accepts your kill.
You feel your power returning.
Okay, then.
Your icy armour cracks and falls away as you move.
The frozen ramparts melt away as you move.
Casting: Freeze (safe; 1% risk of failure)
Confirm with . or Enter, or press ? or * to list all spells.
Casting: Frozen Ramparts (dangerous; 3% risk of failure)
Press: ? - help, Dir - look around, f - activate The walls around you are covered in ice.
The wall freezes the orc priest but does no damage.
Unknown command.
Casting: Frozen Ramparts (dangerous; 3% risk of failure)
Confirm with . or Enter, or press ? or * to list all spells.
Aiming: Freeze (safe; 1% risk of failure)
Press: ? - help, Shift-Dir - straight line, f - orc priest
Aim: an orc priest, wielding a +0 war axe You freeze the orc priest!
The orc priest is severely wounded.
The wall freezes the orc priest but does no damage.
The orc priest hits you with a +0 war axe!
You die...

.#.# #.# #.#
###..###....... ...# #.#
#.########.....##...####
...# #.#
#................[..#
..# #.#
#######.##########..#
.#####.# ##..# #..#
##.....# #...# o# #..#
#..###########.#.# ##(
#..# #................#
8..# #..#
...#######.....#@#8o. (
#..# #..######..#####o#.
.o#o #..# #..#.......##
#.)..$$... #..#
#.)).#####..#
#.#..###..##..# #.>.##
##.# #.#.### #..#..#
#.###
#.####.###.####....#
#.####
#...)..##)....###..#
#....#
#####...........=.##
####.# #......########


You could see an orc priest.

Vanquished Creatures
  2 orc warriors
  2 phantoms
  2 orc priests
  A hound (D:4)
  A gnoll bouda (D:5)
  2 iguanas
  3 orc wizards
  3 gnolls (D:5)
  5 adders
  An ufetubus (D:3)
  3 worms
  4 dart slugs
  26 orcs
  10 ball pythons
  5 bats
  9 endoplasms
  8 giant cockroaches
  3 goblins
  9 hobgoblins
  5 jackals
  5 kobolds
  3 quokkas
  12 frilled lizards
  5 rats
129 creatures vanquished.

Notes
Turn   | Place    | Note
-------+----------+-------------------------------------------
     0 | D:1      | safid the Merfolk Ice Elementalist began the quest for the
                  | Orb.
     0 | D:1      | Reached XP level 1. HP: 13/13 MP: 3/3
   109 | D:1      | Reached XP level 2. HP: 20/20 MP: 1/5
   265 | D:1      | Reached skill level 1 in Fighting
   481 | D:1      | Reached XP level 3. HP: 26/26 MP: 6/6
   892 | D:2      | Learned a level 3 spell: Frozen Ramparts
  1162 | D:2      | Learned a level 3 spell: Ozocubu's Armour
  1377 | D:2      | Reached XP level 4. HP: 29/33 MP: 6/8
  1378 | D:2      | Reached skill level 5 in Ice Magic
  1933 | D:3      | Found a snail-covered altar of Cheibriados.
  1970 | D:3      | Reached XP level 5. HP: 32/39 MP: 7/9
  2020 | D:3      | Found a radiant altar of Vehumet.
  2029 | D:3      | Became a worshipper of Vehumet
  2077 | D:3      | Found an iron altar of Okawaru.
  2201 | D:3      | Found Mucaif's Book Shoppe.
  2632 | D:3      | Found a faded altar of an unknown god.
  2770 | D:4      | Reached * piety under Vehumet
  2770 | D:4      | Offered knowledge of Sandblast by Vehumet.
  2912 | D:4      | Found Qiusy's Weapon Shop.
  2913 | D:4      | Noticed an ogre
  2942 | D:4      | Reached XP level 6. HP: 17/47 MP: 9/11
  3115 | D:4      | Noticed an orc warrior
  3317 | D:4      | Found a glowing silver altar of Zin.
  3317 | D:4      | Found a stormy altar of Qazlal.
  3317 | D:4      | Found a bloodstained altar of Trog.
  3973 | D:5      | Entered Level 5 of the Dungeon
  3973 | D:5      | Noticed an orc warrior
  4296 | D:4      | Reached skill level 6 in Ice Magic
  4370 | D:4      | Reached XP level 7. HP: 44/53 MP: 9/12
  4815 | D:5      | Reached skill level 5 in Dodging
  5191 | D:5      | Offered knowledge of Foxfire by Vehumet.
  5192 | D:5      | Reached ** piety under Vehumet
  5322 | D:4      | Slain by an orc priest

Illustrated notes

Levels and vault maps discovered:
D:1:      elethiomel_arrival_infinity_welcomes_careful_drivers, layout_basic
D:2:      layout_basic, st_stairs_14, minmay_heptomino_o4
D:3:      layout_loops_ring, nicolae_overflow_crystal_walls,
          mainiacjoe_overflow_catwalk, old_standard_altar, serial_shops, shop,
          ebering_ecumenical_altar_box
D:4:      layout_basic, gammafunk_temple_overflow_claw, serial_shops,
          nicolae_shop_bloodbath_and_beyond, serial_bayou_pond_d,
          guppyfry_early_orc_mine
D:5:      layout_basic, hangedman_abyss_or_decor_stabs, minmay_lizard_king

Skill      XL: |  1  2  3  4  5  6  7 |
---------------+----------------------+-----
Fighting       | 1 2 3 4 |  4.5
Ice Magic      | 5 6 |  6.5
Spellcasting   | 3 4 |  4.3
Dodging        | 3 4 5 |  5.9
Stealth        | |  2.1

Action                     |  1- 3 |  4- 6 |  7- 9 || total
---------------------------+-------+-------+-------++-------
  Melee: Unarmed           |     5 |       |       ||     5
         Spear             |    77 |   154 |    19 ||   250
         Punch             |       |     1 |       ||     1
         Halberd           |       |       |    20 ||    20
         Staff             |       |       |     1 ||     1
   Cast: Freeze            |    33 |    58 |    16 ||   107
         Frozen Ramparts   |       |    14 |    13 ||    27
         Ozocubu's Armour  |       |    14 |     9 ||    23
    Use: Potion            |       |     2 |     1 ||     3
   Stab: Sleeping          |     5 |    12 |       ||    17
 Armour: Robe              |    19 |    40 |    10 ||    69
  Dodge: Dodged            |    71 |    95 |    42 ||   208
